 Dungeon Crawl Stone Soup version 0.23.2 (webtiles) character file.

Game seed: 14173629798793142872

464 Borgoz the Cutter (level 7, -1/44 HPs)
             Began as a Kobold Gladiator on Apr 12, 2019.
             Shot with an arrow by a centaur (9 damage)
             ... on level 6 of the Dungeon.
             The game lasted 00:04:52 (3071 turns).

Borgoz the Cutter (Kobold Gladiator)                Turns: 3071, Time: 00:04:53

Health: -1/44      AC:  4    Str: 12    XL:     7   Next: 29%
Magic:  7/7        EV: 18    Int: 11    God:
Gold:   121        SH:  0    Dex: 18    Spells: 6/6 levels left

rFire    . . .     SeeInvis .   a - +4 dagger
rCold    . . .     Gourm    .   (shield restricted)
rNeg     . . .     Faith    .   b - +0 leather armour
rPois    .         Spirit   .   c - +0 helmet
rElec    .         Reflect  .   (no cloak)
rCorr    +         Harm     .   (no gloves)
MR       .....                  (no boots)
Stlth    +.........             (no amulet)
HPRegen  0.14/turn              p - +2 ring of intelligence
MPRegen  0.10/turn              e - ring of resist corrosion (curse)

@: very slightly contaminated, invisible
A: small, carnivore
a: no special abilities


You were on level 6 of the Dungeon.
You were completely stuffed.

You visited 1 branch of the dungeon, and saw 4 of its levels.

You collected 121 gold pieces.

Inventory:

Hand Weapons
 a - a +4 dagger (weapon)
 k - a +0 rapier
Missiles
 d - 3 throwing nets (quivered)
Armour
 b - a +0 leather armour (worn)
 c - a +0 helmet (worn)
Jewellery
 e - a cursed ring of resist corrosion (right hand)
 p - a +2 ring of intelligence (left hand)
Wands
 q - a wand of random effects (15)
Scrolls
 g - a scroll of enchant weapon
 o - a scroll of remove curse
 r - 2 scrolls of fear
Potions
 h - a potion of curing
 l - a potion of lignification {unknown}
 n - a potion of magic
 s - a potion of mutation
Comestibles
 f - 3 rations
 j - 3 chunks of flesh


   Skills:
 + Level 4.4 Fighting
 + Level 6.2 Short Blades
 - Level 2.1 Throwing
 + Level 2.6 Armour
 + Level 5.5 Dodging


You had 6 spell levels left.
You didn't know any spells.
Your spell library was empty.

Dungeon Overview and Level Annotations

Branches:
Dungeon (3/15)

Altars:
Dithmenos
Kikubaaqudgha
Uskayaw
Xom
Yredelemnul


Innate Abilities, Weirdness & Mutations

You are small and have problems with some larger weapons.
You are carnivorous and can eat meat at any time.


Message History

You hit the centaur.
The centaur is almost dead.
The centaur closely misses you.
You strike the helpless centaur from behind!
You puncture the centaur!
You kill the centaur!
You barely miss the hound. The hound closely misses you.
You hit the hound but do no damage.
The centaur shoots an arrow.
The arrow misses the hound.
The hound bites you.
* * * LOW HITPOINT WARNING * * *
You closely miss the hound.
The centaur shoots an arrow.
The arrow barely misses the hound.
The hound misses you.
You hit the hound but do no damage.
The centaur shoots an arrow.
The arrow hits the hound!
The hound bites you.
* * * LOW HITPOINT WARNING * * *
You hit the hound.
You kill the hound!
The centaur shoots an arrow.
The centaur shoots an arrow.
The arrow hits you!
You die...

.........#######
.!..c......c....
.......(.##
.......#.(#
#.....###)#
#.#######c#######
#..##.....#.....##
####
#.#.............###...
#....@...........##...
#...............[##..>
#...>............##...
#................##...
#................##...
#.#.................##
#..#.....#........####
##.############.......
#.# #.######


You could see a centaur.

Vanquished Creatures
  A centaur (D:6)
  2 bullfrogs (D:6)
  A howler monkey (D:3)
  An orc wizard (D:3)
  A hound (D:6)
  Jessica (D:2)
  2 worker ants (D:6)
  A worker ant zombie (D:6)
  4 adders
  4 worms
  4 dart slugs
  3 leopard geckos
  5 orcs (D:3)
  2 giant cockroaches (D:1)
  10 goblins
  8 hobgoblins
  4 jackals (D:2)
  5 kobolds
  A quokka (D:2)
  A ball python (D:2)
  2 bats
  A frilled lizard (D:1)
  2 rats
66 creatures vanquished.

Notes
Turn   | Place    | Note
-------+----------+-------------------------------------------
     0 | D:1      | Borgoz the Kobold Gladiator began the quest for the Orb.
     0 | D:1      | Reached XP level 1. HP: 12/12 MP: 1/1
   180 | D:1      | Reached XP level 2. HP: 15/18 MP: 2/2
   854 | D:2      | Reached XP level 3. HP: 22/22 MP: 3/3
   918 | D:2      | Reached skill level 1 in Armour
  1086 | D:2      | Found a shimmering altar of Xom.
  1210 | D:2      | Reached XP level 4. HP: 23/27 MP: 4/4
  1256 | D:2      | Noticed Jessica
  1266 | D:2      | Killed Jessica
  1373 | D:2      | Reached skill level 5 in Short Blades
  1530 | D:2      | Found an ancient bone altar of Kikubaaqudgha.
  1535 | D:2      | Found a shadowy altar of Dithmenos.
  1545 | D:2      | Reached XP level 5. HP: 32/32 MP: 5/5
  1550 | D:2      | Found a hide-covered altar of Uskayaw.
  1993 | D:3      | Found a basalt altar of Yredelemnul.
  2318 | D:3      | Reached XP level 6. HP: 31/37 MP: 6/6
  2463 | D:3      | You fall through a shaft for 3 floors!
  2572 | D:6      | Noticed Blork the orc
  2597 | D:6      | Reached skill level 5 in Dodging
  2775 | D:6      | Reached XP level 7. HP: 33/43 MP: 7/7
  2872 | D:6      | Reached skill level 6 in Short Blades
  3058 | D:6      | HP: 2/43 [centaur (6)]
  3071 | D:6      | Shot with an arrow by a centaur

Skill      XL: |  1  2  3  4  5  6  7 |
---------------+----------------------+-----
Dodging        | 4 5 |  5.5
Armour         | 1 2 |  2.6
Fighting       | 3 4 |  4.4
Short Blades   | 5 6 |  6.2
Throwing       | |  2.1

Action                   |  1- 3 |  4- 6 |  7- 9 || total
-------------------------+-------+-------+-------++-------
Melee: Rapier            |    49 |       |       ||    49
       Dagger            |    53 |   167 |    24 ||   244
  Use: Scroll            |       |    10 |       ||    10
       Potion            |       |     2 |     2 ||     4
 Stab: Sleeping          |     1 |     2 |       ||     3
       Invisible         |       |       |     1 ||     1
  Eat: Chunk             |     9 |     5 |     1 ||    15
Armor: Leather armour    |    13 |    15 |       ||    28
Dodge: Dodged            |    62 |   111 |    17 ||   190
